 Dungeon Crawl Stone Soup version 0.27-a0-1290-g15d3ce7508 (webtiles) character file.

Game seed: 8306888165646594157

270 Glokmah the Skirmisher (level 6, -3/39 HPs)
             Began as a Gargoyle Monk on June 15, 2021.
             Was an Initiate of Gozag.
             Slain by an ogre (14 damage)
             ... on level 3 of the Dungeon.
             The game lasted 00:05:39 (3542 turns).

Glokmah the Skirmisher (Gargoyle Monk)              Turns: 3542, Time: 00:05:39

Health: -3/39      AC: 10    Str: 17    XL:     6   Next: 22%
Magic:  6/6        EV: 11    Int: 10    God:    Gozag
Gold:   290        SH:  6    Dex: 12    Spells: 5/5 levels left

rFire    . . .     SeeInvis .   a - +0 flail
rCold    . . .     Faith    .   q - +2 buckler
rNeg     + . .     Spirit   .   d - +0 ring mail
rPois    ∞         Reflect  .   (no helmet)
rElec    +         Harm     .   (no cloak)
rCorr    .         Rampage  .   (no gloves)
Will     .....                  (no boots)
Stlth    +.........             (no amulet)
HPRegen  0.13/turn              (no ring)
MPRegen  0.10/turn              (no ring)

@: no status effects
A: sickness immunity, AC +4, negative energy resistance 1, electricity
resistance, torment resistance 1, petrification resistance
a: Renounce Religion, Potion Petition, Call Merchant, Bribe Branch


You were on level 3 of the Dungeon.
You worshipped Gozag.
Gozag was aware of your devotion.
You visited 1 branch of the dungeon, and saw 4 of its levels.

You collected 290 gold pieces.

Inventory:

Hand Weapons
 a - a +0 flail (weapon)
Missiles
 e - 22 poisoned darts (quivered)
 h - 7 boomerangs of dispersal
 n - 4 boomerangs
 o - 70 stones
Armour
 b - a +0 robe
 d - a +0 ring mail (worn)
 q - a +2 buckler (worn)
Scrolls
 c - a scroll of magic mapping {unknown}
 f - a scroll of identify {unknown}
 g - 2 scrolls of immolation
 i - a scroll of brand weapon {unknown}
 m - a scroll of teleportation {unknown}
 r - a scroll of vulnerability {unknown}
Potions
 j - 2 potions of lignification
 l - a potion of resistance {unknown}
 p - a potion of flight {unknown}


   Skills:
 + Level 4.7 Fighting
 * Level 4.5 Maces & Flails
 + Level 3.1 Armour
 - Level 2.4 Dodging
 - Level 2.1 Stealth
 * Level 2.2 Shields


You had 5 spell levels left.
You didn't know any spells.
Your spell library contained the following spells:

 Spells                   Type           Power      Damage    Failure   Level
 Corona                   Hex            0%         N/A       65%         1
 Ensorcelled Hibernation  Hex/Ice        0%         N/A       78%         2
 Confusing Touch          Hex            0%         N/A       95%         3
 Dazzling Flash           Conj/Hex       0%         N/A       95%         3
 Tukima's Dance           Hex            0%         N/A       95%         3


Dungeon Overview and Level Annotations

Branches:
Dungeon (4/15)
 Temple: D:4-7

Altars:
Dithmenos
Gozag
Sif Muna
Uskayaw
Wu Jian
The Shining One

Shops:
D:1 :

Annotations:
D:3 1 runed translucent door


Innate Abilities, Weirdness & Mutations

You are immune to sickness and miasma.
Your stone body is resilient. (AC +4)
You are immune to poison.
You resist negative energy. (rN+)
You are resistant to electric shocks. (rElec)
You are resistant to unholy torment.
You are immune to petrification.


Message History

Ouch! That really hurt!
You thump the ogre!
The ogre is severely wounded.
You block the ogre's attack.
The ogre looks more healthy.
Throw: 26 darts (poison)
Press: ? - help, Q - select action, (/) - cycle Shift-Dir - straight line, f/p - ogre
Aim: an ogre, wielding a +0 giant club (almost dead, 74% to hit)
You throw a poisoned dart.
The poisoned dart completely misses the ogre.
Unknown command.
Things that are here:
a +0 leather armour; a +0 short sword; a +1 vorpal falchion Throw: 25 darts (poison)
Press: ? - help, Q - select action, (/) - cycle Shift-Dir - straight line, f/p - ogre
Aim: an ogre, wielding a +0 giant club (almost dead, 74% to hit)
You throw a poisoned dart. The poisoned dart hits the ogre.
The ogre is almost dead.
You block the ogre's attack.
You hit the ogre.
The ogre is almost dead.
You block the ogre's attack.
Throw: 24 darts (poison)
Press: ? - help, Q - select action, (/) - cycle Shift-Dir - straight line, f/p - ogre
Aim: an ogre, wielding a +0 giant club (almost dead, 74% to hit)
You throw a poisoned dart. The poisoned dart hits the ogre.
The ogre is almost dead.
The ogre closely misses you.
Throw: 23 darts (poison)
Press: ? - help, Q - select action, (/) - cycle Shift-Dir - straight line, f/p - ogre
Aim: an ogre, wielding a +0 giant club (almost dead, 74% to hit)
You throw a poisoned dart.
The poisoned dart barely misses the ogre.
The ogre hits you with a +0 giant club!
* * * LOW HITPOINT WARNING * * *
You hit the ogre.
The ogre is almost dead.
The ogre hits you with a +0 giant club!
You die...
Your body crumbles into a pile of gold.

.# #.......##......## .#
##8...8##.......'. .#
###.####.......#. .#
#.##.#.......#. .# #####
#.##.#########. ## #...# #....#
#....... <# #...# ####)# #.######
.###...###############.###.######
...)...(..(....O@...............>
#.##....##############.##########
#>#####.##.............# #.#
#.##.############# #.## #.##.#
#.....## #..# #(##.###......#
##.# #.##..........# #.#
#.######......# #.## #.# #......#


You could see an ogre.

Vanquished Creatures
  The ghost of EiAlmux the Digger, an amateur GrEE (D:3)
  Jessica (D:2)
  An orc wizard (D:3)
  4 gnolls (D:3)
  5 adders
  2 worms (D:3)
  2 dart slugs
  3 orcs
  3 bats
  4 endoplasms
  3 giant cockroaches
  4 goblins
  5 hobgoblins
  2 jackals (D:2)
  A quokka (D:2)
  6 ball pythons
  5 frilled lizards
  6 kobolds
  5 rats
63 creatures vanquished.

Notes
Turn   | Place    | Note
-------+----------+-------------------------------------------
     0 | D:1      | Glokmah the Gargoyle Monk began the quest for the Orb.
     0 | D:1      | Reached XP level 1. HP: 14/14 MP: 1/1
   123 | D:1      | Found Wauhoqocs's Book Boutique.
   202 | D:1      | Reached XP level 2. HP: 17/19 MP: 2/2
   369 | D:1      | Reached skill level 1 in Armour
   850 | D:1      | Reached XP level 3. HP: 24/24 MP: 3/3
  1072 | D:2      | Noticed Jessica
  1085 | D:2      | Killed Jessica
  1086 | D:2      | Reached XP level 4. HP: 22/29 MP: 4/4
  2149 | D:3      | Found a faded altar of an unknown god.
  2158 | D:3      | Became a worshipper of Gozag Ym Sagoz the Greedy
  2250 | D:3      | Found a shimmering blue altar of Sif Muna.
  2251 | D:3      | Found a hide-covered altar of Uskayaw.
  2251 | D:3      | Found a shadowy altar of Dithmenos.
  2252 | D:3      | Found a glowing golden altar of the Shining One.
  2378 | D:3      | Found an ornate altar of the Wu Jian Council.
  2466 | D:3      | Reached XP level 5. HP: 14/34 MP: 5/5
  2659 | D:3      | Reached skill level 1 in Shields
  3098 | D:3      | Found a runed translucent door.
  3103 | D:3      | Noticed EiAlmux's ghost (amateur GrEE)
  3139 | D:3      | Killed EiAlmux's ghost
  3140 | D:3      | Reached XP level 6. HP: 21/39 MP: 6/6
  3440 | D:3      | Found a runed translucent door.
  3542 | D:3      | Slain by an ogre

Illustrated notes

Levels and vault maps discovered:
D:1:      heliophobic_arrival_henge, layout_basic, serial_shops, shop
D:2:      layout_loops_ring, uniq_jessica
D:3:      layout_basic, chequers_temple_overflow_statue_of_worship,
          nzn_wu_jian_council_hall, hellmonk_ecumenical_altar_blasted,
          ebering_ghost_sewer_f
D:4:      layout_gridville, general_overflow_altar

Skill      XL: |  1  2  3  4  5 |
---------------+----------------+-----
Armour         | 1 2 3 |  3.1
Fighting       | 4 |  4.7
Maces & Flails | 4 |  4.5
Shields        | 2 |  2.2
Dodging        | |  2.4
Stealth        | |  2.1

Action                   |  1- 3 |  4- 6 || total
-------------------------+-------+-------++-------
Melee: Mace              |    52 |    46 ||    98
       Flail             |       |    85 ||    85
Throw: Dart              |    10 |    36 ||    46
  Use: Potion            |       |     2 ||     2
 Stab: Sleeping          |     3 |       ||     3
Armor: Robe              |     3 |       ||     3
       Ring mail         |    20 |    57 ||    77
       Skin              |       |     4 ||     4
Dodge: Dodged            |    40 |    60 ||   100
Block: Buckler           |       |    29 ||    29

Table legend: (Time is in decaauts)
 A = Elapsed time spent in this place.
 B = Non-inter-level travel time spent in this place.
 C = Inter-level travel time spent in this place.
 D = Time resting spent in this place.
 E = Time spent auto-exploring this place.
 F = Levels seen in this place.
 G = Mean time per level.
                   A        B        C        D        E       F      G
               +--------+--------+--------+--------+--------+-----+--------+
         Total |   3601 |   3363 |    238 |    645 |   1924 |   4 |  900.2 |
       Dungeon |   3601 |   3363 |    238 |    645 |   1924 |   4 |  900.2 |
               +--------+--------+--------+--------+--------+-----+--------+

Top non-repeatable levels by time:
     D:3: 1329 daAuts
     D:2: 1231 daAuts
     D:1: 1037 daAuts
     D:4: 2 daAuts
